 Dungeon Crawl Stone Soup version 0.30.1 (webtiles) character file.

Game seed: 9729303701687137703

1062397 Gabide the Crack Shot (level 27, 0/254 (271) HPs)
             Began as a Demigod Hunter on July 4, 2023.
             Slain by a tainted leviathan (13 damage)
             ... on level 1 of Tartarus on July 5, 2023.
             The game lasted 04:58:45 (85728 turns).

Gabide the Crack Shot (Demigod Hunter)             Turns: 85728, Time: 04:58:46

HP:   0/254 (271)   AC: 26    Str: 19    XL:     27
MP:   0/66          EV: 87    Int: 11    God:
Gold: 12277         SH:  0    Dex: 71    Spells: 65/72 levels left

rFire   + . .        b - +4 longbow (heavy)
rCold   . . .        (shield currently unavailable)
rNeg    + . .        F - +0 steam dragon scales of the Loofah {Regen+ Int+3 Dex+2}
rPois   .            E - +2 helmet of Gravitas {rCorr MP+9 Int-2}
rElec   .            S - +0 cloak "Suusant" {Dex+4}
rCorr   +            r - +2 pair of gloves
SInv    .            D - +1 pair of boots of Ceceeluj {rF+ Str+3 Dex+3}
Will    +....        K - amulet "Joniveh" {Spirit Will+ Dex+2}
Stlth   +++++        O - +6 ring of dexterity
HPRegen 1.42/turn    y - ring of the Priest {rN+ rCorr Dex+2}
MPRegen 0.40/turn

%: guardian spirit
@: lethally poisoned (0 -> -4), mesmerised, slowed, studying Dodging, drained,
weak-willed, very slow
A: high MP 1, forlorn, divine attributes, iridescent scales 1, strong 1, subdued
magic 2
}: 10/15 runes: barnacled, slimy, silver, abyssal, demonic, glowing, magical,
fiery, dark, gossamer
a: no special abilities


You were on level 1 of Tartarus.
You visited 16 branches of the dungeon, and saw 63 of its levels.
You visited Pandemonium 1 time, and saw 14 of its levels.
You visited the Abyss 2 times.
You also visited: Volcano and Wizlab.

You collected 13692 gold pieces.
You spent 1415 gold pieces at shops.

Inventory:

Hand Weapons
 a - a +9 heavy arbalest
 b - a +4 heavy longbow (weapon)
Missiles
 p - 5 throwing nets
 X - 6 curare-tipped darts
Armour
 h - a +2 cloak of preservation
 r - a +2 pair of gloves (worn)
 t - the +1 ring mail of Morality {*Corrode rPois rC+++ Str-2}
   (You found it on level 3 of the Vaults)

   Str:       It affects your strength (-2).
   rC:        It renders you almost immune to cold.
   rPois:     It protects you from poison.
   *Corrode:  It may corrode you when you take damage.
 w - the +4 ring mail of Kindness {Regen+ Dex+3}
   (You found it in Pandemonium)

   Dex:       It affects your dexterity (+3).
   Regen:     It increases your rate of health regeneration.
 D - the +1 pair of boots of Ceceeluj (worn) {rF+ Str+3 Dex+3}
   (You acquired it on level 5 of the Vaults)

   Str:       It affects your strength (+3).
   Dex:       It affects your dexterity (+3).
   rF:        It protects you from fire.
 E - the +2 helmet of Gravitas (worn) {rCorr MP+9 Int-2}
   (You found it in Pandemonium)

   Int:       It affects your intelligence (-2).
   MP:        It affects your magic capacity (+9).
   rCorr:     It protects you from acid and corrosion.
 F - the +0 steam dragon scales of the Loofah (worn) {Regen+ Int+3 Dex+2}
   (You bought it in a shop on level 9 of the Dungeon)

   Int:       It affects your intelligence (+3).
   Dex:       It affects your dexterity (+2).
   Regen:     It increases your rate of health regeneration.
 M - the +7 ice dragon scales of Udijuut {rElec rF- rC++ Dex+2}
   (You found it on level 5 of the Pits of Slime)

   Dex:       It affects your dexterity (+2).
   rF:        It makes you vulnerable to fire.
   rC:        It greatly protects you from cold.
   rElec:     It insulates you from electricity.
 S - the +0 cloak "Suusant" (worn) {Dex+4}
   (You found it on level 14 of the Dungeon)

   Dex:       It affects your dexterity (+4).
Jewellery
 c - a ring of see invisible
 j - a ring of willpower
 l - a ring of flight
 x - the ring of Egalitarianism {Fly rPois rC- rN++ Slay+3}
   (You took it off a vampire mage in a wizard's laboratory)

   [ring of poison resistance]

   Slay:      It affects your accuracy & damage with ranged weapons and melee
   (+3).
   rC:        It makes you vulnerable to cold.
   rPois:     It protects you from poison.
   rN:        It greatly protects you from negative energy.
   Fly:       It grants you flight.
 y - the ring of the Priest (right hand) {rN+ rCorr Dex+2}
   (You took it off a necromancer in a wizard's laboratory)

   [ring of resist corrosion]

   Dex:       It affects your dexterity (+2).
   rN:        It protects you from negative energy.
   rCorr:     It protects you from acid and corrosion.
 B - a ring of protection from fire
 K - the amulet "Joniveh" (around neck) {Spirit Will+ Dex+2}
   (You found it on level 2 of the Lair of Beasts)

   [amulet of guardian spirit]

   It causes incoming damage to be divided between your reserves of health and
   magic.
   Dex:       It affects your dexterity (+2).
   Will:      It increases your willpower.
 O - a +6 ring of dexterity (left hand)
 R - a ring of resist corrosion
 U - a ring of positive energy
 Z - the ring "Wemut" {rPois rC+}
   (You took it off a deep elf zephyrmancer on level 3 of the Elven Halls)

   [ring of protection from cold]

   rC:        It protects you from cold.
   rPois:     It protects you from poison.
Wands
 L - a wand of digging (5)
 Q - a wand of acid (41)
Scrolls
 d - 15 scrolls of immolation
 f - 2 scrolls of brand weapon
 i - 27 scrolls of teleportation
 n - 7 scrolls of blinking
 q - 3 scrolls of butterflies
 A - 16 scrolls of magic mapping
 G - 14 scrolls of poison
 N - 14 scrolls of fog
 V - a scroll of enchant armour
 W - 8 scrolls of fear
 Y - 10 scrolls of silence
Potions
 e - 22 potions of curing
 g - 2 potions of heal wounds
 k - 15 potions of invisibility
 m - 7 potions of magic
 o - 6 potions of haste
 s - 2 potions of cancellation
 u - 2 potions of resistance
 C - 3 potions of mutation
 H - 10 potions of ambrosia
 I - 24 potions of flight
 J - 9 potions of lignification
Miscellaneous
 v - a phantom mirror
 z - a lightning rod (4/4)
 P - a phial of floods
 T - a condenser vane (inert)


   Skills:
 - Level 26.9 Fighting
 - Level 26.9 Ranged Weapons
 + Level 25.2 Armour
 - Level 26.9 Dodging
 - Level 1.0 Stealth
 + Level 23.4 Spellcasting


You had 65 spell levels left.
You knew the following spells:

 Your Spells              Type           Power      Damage    Failure   Level
a - Blink                 Tloc           16%        N/A       2%          2
b - Lesser Beckoning      Tloc           16%        N/A       2%          2
c - Slow                  Hex            32%        N/A       1%          1
d - Wereblood             Tmut           8%         N/A       2%          2

Your spell library contained the following spells:

 Spells                   Type           Power      Damage    Failure   Level
 Beastly Appendage        Tmut           16%        N/A       1%          1
 Foxfire                  Conj/Fire      32%        2x1d5     1%          1
 Freeze                   Ice            32%        1d5       1%          1
 Kiss of Death            Conj/Necr      32%        2d7       1%          1
 Magic Dart               Conj           32%        1d4       1%          1
 Call Imp                 Summ           16%        N/A       2%          2
 Cigotuvi's Dreadful Rot  Necr/Pois/Air  16%        N/A       2%          2
 Momentum Strike          Conj/Tloc      16%        3d8       2%          2
 Scorch                   Fire           16%        2d6       2%          2
 Confusing Touch          Hex            8%         N/A       6%          3
 Dazzling Flash           Conj/Hex       16%        N/A       6%          3
 Frozen Ramparts          Ice            16%        1d3       6%          3
 Gell's Gravitas          Tloc           8%         N/A       6%          3
 Hailstorm                Conj/Ice       8%         3d4       6%          3
 Ignite Poison            Fire/Tmut/Pois 8%         N/A       6%          3
 Inner Flame              Hex/Fire       8%         N/A       6%          3
 Mephitic Cloud           Conj/Pois/Air  8%         N/A       6%          3
 Ozocubu's Armour         Ice            8%         N/A       6%          3
 Portal Projectile        Hex/Tloc       16%        N/A       6%          3
 Spider Form              Tmut/Pois      8%         N/A       6%          3
 Stone Arrow              Conj/Erth      16%        3d8       6%          3
 Teleport Other           Tloc           8%         N/A       6%          3
 Tukima's Dance           Hex            8%         N/A       6%          3
 Vampiric Draining        Necr           8%         2d6       6%          3
 Vhi's Electric Charge    Tloc/Air       16%        N/A       6%          3
 Volatile Blastmotes      Fire/Tloc      16%        2d11      6%          3
 Anguish                  Hex/Necr       4%         N/A       24%         4
 Cause Fear               Hex            4%         N/A       24%         4
 Dispel Undead            Necr           8%         3d8       24%         4
 Flame Wave               Conj/Fire      8%         2d5       24%         4
 Iskenderun's Mystic Bla  Conj/Tloc      8%         2d4       24%         4
 Leda's Liquefaction      Hex/Erth       4%         N/A       24%         4
 Manifold Assault         Tloc           8%         N/A       24%         4
 Olgreb's Toxic Radiance  Pois           8%         N/A       24%         4
 Passage of Golubria      Tloc           8%         N/A       24%         4
 Petrify                  Tmut/Erth      8%         N/A       24%         4
 Sticky Flame             Conj/Fire      8%         2d3       24%         4
 Summon Ice Beast         Ice/Summ       8%         N/A       24%         4
 Summon Lightning Spire   Summ/Air       8%         N/A       24%         4
 Alistair's Intoxication  Tmut/Pois      5%         N/A       56%         5
 Arcjolt                  Conj/Air       4%         1d14      56%         5
 Blade Hands              Tmut           4%         N/A       56%         5
 Borgnjor's Vile Clutch   Necr/Erth      4%         N/A       56%         5
 Fireball                 Conj/Fire      4%         3d4       56%         5
 Freezing Cloud           Conj/Ice/Air   4%         6-21      56%         5
 Iskenderun's Battlesphe  Conj           8%         2d6       56%         5
 Metabolic Englaciation   Hex/Ice        4%         N/A       56%         5
 Silence                  Hex/Air        4%         N/A       56%         5
 Summon Forest            Summ/Tloc      4%         N/A       56%         5
 Summon Mana Viper        Hex/Summ       8%         N/A       56%         5
 Yara's Violent Unravell  Hex/Tmut       4%         3d4       56%         5
 Conjure Ball Lightning   Conj/Air       4%         3x3d6     99%         6
 Death Channel            Necr           4%         N/A       99%         6
 Dispersal                Tloc           4%         N/A       99%         6
 Eringya's Noxious Bog    Tmut/Pois      4%         N/A       99%         6
 Iron Shot                Conj/Erth      4%         9d2       99%         6
 Plasma Beam              Fire/Air       4%         2x1d15    99%         6
 Simulacrum               Ice/Necr       4%         N/A       99%         6
 Starburst                Conj/Fire      4%         6d3       99%         6
 Statue Form              Tmut/Erth      5%         N/A       99%         6
 Dragon Form              Tmut           4%         N/A       100%        7
 Enfeeble                 Hex            4%         N/A       100%        7
 Haunt                    Necr/Summ      4%         N/A       100%        7
 Malign Gateway           Summ/Tloc      4%         N/A       100%        7
 Monstrous Menagerie      Summ           4%         N/A       100%        7
 Ozocubu's Refrigeration  Ice            4%         4d8       100%        7
 Spellforged Servitor     Conj/Summ      4%         N/A       100%        7
 Storm Form               Tmut/Air       4%         N/A       100%        7
 Summon Hydra             Summ           4%         N/A       100%        7
 Borgnjor's Revivificati  Necr           4%         N/A       100%        8
 Discord                  Hex            4%         N/A       100%        8
 Disjunction              Tloc           4%         N/A       100%        8
 Ignition                 Fire           4%         3d4       100%        8
 Lehudib's Crystal Spear  Conj/Erth      4%         10d3      100%        8
 Maxwell's Capacitive Co  Air            4%         ∞         100%        8
 Necromutation            Tmut/Necr      4%         N/A       100%        8
 Summon Horrible Things   Summ           4%         N/A       100%        8
 Death's Door             Necr           4%         N/A       100%        9
 Dragon's Call            Summ           4%         N/A       100%        9
 Polar Vortex             Ice            4%         N/A       100%        9


Dungeon Overview and Level Annotations

Branches:
Dungeon (15/15)            Temple (1/1) D:7            Lair (5/5) D:8
 Shoals (4/4) Lair:2       Spider (4/4) Lair:3        Slime (5/5) Lair:4
    Orc (2/2) D:9             Elf (3/3) Orc:2        Vaults (5/5) D:14
  Crypt (3/3) Vaults:3       Tomb (1/3) Crypt:3      Depths (4/4) D:15
   Hell (visited)             Dis (0/7) Hell            Geh (0/7) Hell
    Coc (4/7) Hell            Tar (1/7) Hell            Zot (5/5) Depths:4
Volcano (visited)          WizLab (visited)

Shops:
D:3 (   D:9 [   Orc:2 *([=   Elf:2 :   Vaults:3 [   Depths:4 (

Portals:
Hell: Depths:1 Depths:2 Depths:3 Depths:4
Abyss: Depths:3
Pandemonium: Depths:2
Ziggurat: Depths:2


Innate Abilities, Weirdness & Mutations

You have an increased reservoir of magic. (+10% MP)
You shall have no god before yourself.
Your divine heritage dramatically boosts your attributes as you level up.
You are partially covered in iridescent scales. (AC +2)
Your muscles are strong. (Str +4, Int/Dex -1)
Your spells are easier to cast, but less powerful.


Message History

Your butterfly disappears in a burst of colours!
The spectral spriggan defender hits your butterfly!!
Your butterfly dies!
Your butterfly disappears in a burst of colours!
The tainted leviathan completely misses you.
The tainted leviathan misses you. The bone dragon completely misses you.
The bone dragon claws you but does no damage.
The bone dragon completely misses you.
The spectral spriggan defender hits your butterfly.
Your butterfly dies!
Your butterfly disappears in a burst of colours!
You feel better.
You are engulfed in dark miasma.
You are poisoned.
You feel extremely sick.
The spectral spriggan defender hits your butterfly!
Your butterfly dies!
Your butterfly disappears in a burst of colours!
The tainted leviathan completely misses you. x2
The bone dragon completely misses you. x3
The spectral spriggan defender hits your butterfly!
Your butterfly dies!
Your butterfly disappears in a burst of colours!
The bone dragon completely misses you. x2
The bone dragon tramples you but does no damage.
The tainted leviathan completely misses you. x2
Unknown command.
Fire: b) +4 longbow (heavy)
Press: ? - help, Q - select action, (/) - cycle Shift-Dir - straight line, f/p - tainted leviathan
Aim: a tainted leviathan, quivering large rocks (mesmerising, ally target, 95% to hit)
You shoot an arrow.
The arrow barely misses the tainted leviathan.
The arrow hits the spectral harpy!!!!!
You destroy the spectral harpy!
You feel extremely sick.
The spectral spriggan defender misses your butterfly.
The spectral spriggan defender barely misses your butterfly.
The bone dragon completely misses you. x2
The bone dragon tramples you but does no damage.
The tainted leviathan hits you!
You die...

####.# #.#.. #..#^##
..... #.....# #+# #..
#..b.###.### #..
######b.b.b.....## #..
#.#.#.b.b.b..⌠...#.#..
#....bbbbbbZb......W..
#..°D.bbbbb.........2.
#.†.C@....b......1.D..
####################..
##. ##


You could see a bone dragon (ally target), a tainted leviathan (mesmerising,
ally target) and a spectral spriggan defender.

Vanquished Creatures
  Cerebov (Pan)
  the Royal Jelly (Slime:5)
  Ignacio (Pan)
  10 pandemonium lords (Pan)
  Lom Lobon (Pan)
  Gloorx Vloq (Pan)
  5 dread liches
  Mnoleg (Pan)
  7 orbs of fire
  4 ancient liches
  A juggernaut (Abyss:3)
  The ghost of MrAu the Intangible, a master HuGl of Okawaru (Zot:1)
  Frederick (Depths:3)
  2 royal mummies (Tomb:1)
  5 Killer Klowns
  3 shard shrikes (Hell)
  Geryon (Hell)
  A caustic shrike (Depths:2)
  3 profane servitors
  Jory (Vaults:3)
  14 golden dragons
  5 bone dragons
  24 tentacled monstrosities
  11 Brimstone Fiends (Pan)
  4 electric golems
  12 Hell Sentinels
  2 doom hounds (Tar:1)
  5 Ice Fiends
  2 hellephants (Depths:2)
  7 Tzitzimimeh
  25 Orb Guardians (Zot:5)
  A shard shrike zombie (Crypt:3)
  12 liches
  Zenata (Elf:1)
  6 quicksilver dragons
  6 titans
  A shard shrike skeleton (Abyss:3)
  2 deep elf blademasters (Elf:3)
  27 acid blobs
  3 deep elf master archers
  A walking divine tome (Depths:2)
  Murray (Depths:2)
  12 tentacled starspawn (Abyss:3)
  30 Executioners (Pan)
  9 ancient champions
  12 sphinxes
  Gastronok (Lair:1)
  An eldritch tentacle (Pan)
  7 death cobs
  21 shadow dragons
  18 storm dragons
  2 draconian monks
  9 tengu reavers
  Donald (Elf:2)
  7 iron dragons
  5 narguns
  3 draconian knights
  12 rockslimes
  8 fire giants
  8 azure jellies
  19 demonspawn warmongers (Pan)
  9 frost giants
  6 revenants
  38 balrugs
  9 draconian scorchers
  3 emperor scorpions (Spider:4)
  23 vault wardens
  18 ironbound preservers
  A spectral juggernaut (Tar:1)
  4 ghost moths
  Aizul (Depths:1)
  5 deep elf elementalists
  21 reapers
  4 caustic shrike zombies
  8 ghouls
  5 deep elf sorcerers
  24 cacodemons (Pan)
  2 orc warlords (Orc:2)
  11 draconian shifters
  5 curse skulls
  11 demonspawn blood saints (Pan)
  12 demonspawn corrupters (Pan)
  An angel (Abyss:3)
  43 very ugly things
  8 draconian annihilators
  9 draconian stormcallers
  2 spectral caustic shrikes (WizLab)
  17 stone giants
  A quicksilver ooze (shapeshifter) (Depths:2)
  15 quicksilver oozes
  2 war gargoyles
  4 ironbound thunderhulks
  A caustic shrike skeleton (Pan)
  11 deep elf demonologists
  2 ophanim (Abyss:3)
  A juggernaut skeleton (Pan)
  25 vampire knights
  10 green draconians
  16 purple draconians
  Nessos (Lair:2)
  19 black draconians
  3 putrid mouths (Tar:1)
  9 demonspawn black suns (Pan)
  11 lorocyprocas
  5 elemental wellsprings
  2 wendigos (Coc:3)
  6 dire elephants
  12 spark wasps
  8 deep elf annihilators
  7 white draconians
  3 red draconians
  A minotaur (D:14)
  9 yellow draconians
  4 halazid warlocks (WizLab)
  6 mummy priests
  4 entropy weavers
  A crystal guardian (Vaults:3)
  6 ettins
  An iron golem (Hell)
  5 eidola
  5 merfolk javelineers (Shoals:4)
  10 deep elf death magi
  17 blizzard demons
  20 great orbs of eyes
  A kraken zombie (Hell)
  15 green deaths (Pan)
  4 merfolk impalers
  Josephine (Orc:1)
  12 fire dragons
  12 jiangshi
  7 deep elf high priests
  15 yaktaur captains
  13 rakshasas
  7 ice dragons
  5 peacekeepers
  5 spriggan skeletons (Pan)
  28 vault guards
  3 caustic shrike simulacra
  9 ironbound frosthearts
  An ogre mage (Vaults:5)
  A fenstrider witch zombie (Crypt:2)
  5 hell beasts
  3 hydras
  2 alligator snapping turtles (Shoals:4)
  18 centaur warriors
  3 merfolk aquamancers (Shoals:4)
  6 spriggan air magi
  9 merfolk avatars
  6 radroaches
  2 catoblepae
  3 death knights
  A jorogumo (Spider:2)
  A juggernaut simulacrum (Coc:2)
  A satyr (Shoals:4)
  7 two-headed ogres
  41 dancing weapons
  A fenstrider witch skeleton (Crypt:3)
  10 death scarabs (Tomb:1)
  A death yak (Lair:4)
  10 deep troll earth magi
  18 hell hogs
  4 boulder beetles
  10 deep troll shamans
  26 thrashing horrors (Abyss:3)
  8 tengu warriors
  12 vampire magi
  19 deep elf knights
  4 titan zombies
  51 soul eaters
  6 spriggan berserkers
  32 hell knights
  141 sun demons
  An emperor scorpion zombie (Crypt:3)
  A salamander mystic (Depths:1)
  6 orc high priests
  22 sixfirhies
  6 pharaoh ants
  4 skysharks
  12 shadow wraiths
  A quicksilver dragon simulacrum (Coc:3)
  7 iron trolls
  3 spatial maelstroms (Abyss:3)
  4 sun moths
  18 wretched stars
  52 skeletal warriors
  7 glowing orange brains
  11 orb spiders
  A bunyip skeleton (Crypt:3)
  A swamp dragon (Lair:5)
  2 bunyip zombies
  7 sea snakes
  2 cherubim (Abyss:3)
  4 anaconda zombies
  19 shadow demons (Pan)
  3 spriggan simulacra
  74 deep trolls
  7 flayed ghosts
  A swamp dragon (shapeshifter) (Depths:2)
  17 deep elf archers
  3 bog bodies
  A lindwurm (shapeshifter) (Vaults:2)
  A fenstrider witch simulacrum (Coc:1)
  An iron giant skeleton (Crypt:3)
  3 wolf spider zombies (WizLab)
  14 wizards
  19 lindwurms
  19 deep elf zephyrmancers
  26 ironbound convokers
  7 orc knights
  35 phantasmal warriors
  A tengu zombie (Hell)
  A broodmother zombie (Crypt:2)
  11 necromancers
  107 large abominations
  3 stone giant zombies
  An anaconda skeleton (Hell)
  A frost giant zombie (D:15)
  3 steelbarb worms
  26 deep elf pyromancers
  23 harpies
  4 human zombies
  8 shining eyes
  23 starcursed masses
  An iron dragon zombie (Hell)
  6 cyclopes
  40 ugly things
  A salamander (shapeshifter) (D:14)
  3 orc sorcerers
  3 oklob plants (Lair:5)
  3 salamanders (Depths:1)
  A spectral spriggan (WizLab)
  7 fauns
  2 human skeletons
  A faun (shapeshifter) (Vaults:5)
  5 worldbinders (Abyss:3)
  34 moths of wrath
  26 wolf spiders
  15 manticores
  11 elephants
  A guardian serpent (shapeshifter) (Abyss:3)
  A dire elephant zombie (Crypt:3)
  4 apocalypse crabs (Abyss:3)
  2 stone giant skeletons
  Maurice (D:8)
  10 merfolk sirens
  A naga mage (D:9)
  3 black mambas
  5 water nymphs
  6 eyes of devastation
  9 rust devils
  A fire giant skeleton (Crypt:2)
  74 smoke demons
  20 vault sentinels
  2 titan simulacra (Coc:2)
  5 molten gargoyles
  17 torpor snails
  9 cane toads
  An eye of devastation (shapeshifter) (Abyss:3)
  29 demonic crawlers
  34 orange demons
  4 unseen horrors
  An alligator snapping turtle skeleton (Abyss:3)
  A dire elephant skeleton (Pan)
  A yaktaur (shapeshifter) (Abyss:3)
  16 hellions
  59 yaktaurs
  3 rime drakes
  Psyche (D:8)
  A gargoyle (D:12)
  Maggie (D:10)
  A death yak zombie (Crypt:3)
  A komodo dragon (shapeshifter) (D:14)
  A black draconian skeleton (Crypt:3)
  A black draconian zombie (Crypt:2)
  A pale draconian zombie (Crypt:1)
  3 tengu conjurers
  4 ice devils
  10 ancient zymes (Abyss:3)
  4 anaconda simulacra
  2 hydra zombies (Hell)
  25 tormentors
  A minotaur skeleton (Crypt:3)
  8 freezing wraiths
  9 komodo dragons
  17 guardian mummies
  3 iron giant simulacra
  16 efreet
  A spectral harpy (Tar:1)
  20 hellwings
  4 polar bears
  2 golden dragon simulacra (Coc:2)
  4 harpy zombies
  14 red devils
  A silent spectre (Abyss:3)
  20 merfolk
  A meliai (Lair:3)
  6 trolls
  A hornet (shapeshifter) (D:15)
  4 tyrant leeches (Lair:5)
  7 wind drakes
  A harpy skeleton (Crypt:3)
  14 hornets
  31 tarantellas
  19 blink frogs
  An alligator zombie (Crypt:3)
  19 dream sheep
  A human simulacrum (Vaults:4)
  6 hydra skeletons
  2 iron dragon simulacra
  13 snapping turtles
  6 spriggan zombies
  53 raiju
  A slime creature (shapeshifter) (Vaults:5)
  2 stone giant simulacra
  3 ettin zombies
  A black mamba zombie (Crypt:2)
  Sigmund (D:5)
  2 centaur simulacra (Coc:2)
  2 spriggans (shapeshifter)
  17 flying skulls
  9 wyverns
  26 culicivoras
  114 slime creatures
  6 dire elephant simulacra
  2 ettin skeletons
  28 jumping spiders
  3 air elementals
  2 vampires
  19 wraiths
  55 ynoxinuls
  A slime creature zombie (Crypt:1)
  An ice dragon skeleton (Pan)
  7 spriggans
  22 shadows
  A wind drake zombie (Crypt:2)
  11 water elementals
  34 yaks
  An alligator skeleton (Hell)
  3 fire bats (Abyss:3)
  A yak (shapeshifter) (Elf:1)
  5 fire elementals
  34 chaos spawn
  A fire bat (shapeshifter) (D:14)
  5 golden eyes
  A golden eye (shapeshifter) (D:13)
  5 basilisks
  A yaktaur simulacrum (Vaults:4)
  Grum (D:9)
  68 redbacks
  5 steam dragons
  48 neqoxecs
  5 vampire mosquitoes
  A faun zombie (Crypt:3)
  8 harpy simulacra
  6 wargs
  11 spatial vortices (Abyss:3)
  A glowing shapeshifter zombie (Hell)
  7 acid dragons
  3 floating eyes
  11 hell hounds
  A hydra simulacrum (Coc:3)
  A floating eye (shapeshifter) (D:14)
  18 water moccasins
  44 orc warriors
  3 glowing shapeshifter skeletons (Vaults:4)
  3 naga skeletons (Pan)
  Duvessa (D:6)
  3 swamp drakes
  An ice beast (D:6)
  3 sky beasts
  2 black bears
  A dream sheep zombie (Crypt:2)
  3 ettin simulacra
  9 ogres
  A swamp dragon skeleton (Pan)
  2 phantoms
  18 wolves
  6 centaurs
  A torpor snail zombie (Crypt:3)
  20 small abominations
  2 kobold brigands
  A draconian zombie (Crypt:3)
  4 earth elementals
  5 necrophages
  19 bullfrogs
  2 naga simulacra
  A warg zombie (Crypt:2)
  12 wights
  A hornet simulacrum (D:14)
  Dowan (D:6)
  A cyclops skeleton (Crypt:1)
  20 killer bees
  A howler monkey (D:14)
  A crimson imp (Abyss:3)
  4 centaur zombies
  3 quasits (Abyss:3)
  5 hounds
  4 iron imps
  5 jellies
  10 orc priests
  Terence (D:2)
  7 iguanas
  14 orc wizards
  An acid dragon zombie (Crypt:2)
  A deep dwarf zombie (Crypt:1)
  A hound skeleton (Crypt:2)
  20 mummies (Tomb:1)
  4 gnolls (D:5)
  10 adders
  3 white imps
  5 ufetubi
  4 worms
  3 dart slugs
  70 orcs
  6 bats
  9 endoplasms
  4 giant cockroaches
  6 goblins
  6 hobgoblins
  2 jackals (D:5)
  3 quokkas
  7 ball pythons
  4 frilled lizards
  A frilled lizard zombie (Crypt:1)
  A hobgoblin skeleton (Crypt:1)
  A jackal zombie (Crypt:1)
  27 kobolds
  An orc skeleton (Crypt:3)
  6 rats
  A ball lightning (Pan)
  A butterfly (D:7)
  A fire vortex (Pan)
  A lurking horror (Abyss:3)
  5 starspawn tentacles
  3 tentacles (Hell)
4130 creatures vanquished.

Vanquished Creatures (others)
  A Brimstone Fiend (Pan)
  A reaper (Hell)
  A blizzard demon (Pan)
  A soul eater (Pan)
  A sun demon (Pan)
  A necromancer (Hell)
  A wizard (Pan)
  A moth of wrath (Zot:1)
  A blink frog (Abyss:3)
  A flying skull (WizLab)
  A jumping spider (Spider:1)
  An orc warrior (Orc:2)
  An orc priest (Elf:1)
  5 orcs
  A ball lightning (Pan)
  18 starspawn tentacles
  3 tentacles (Hell)
40 creatures vanquished.

Grand Total: 4170 creatures vanquished

Notes
Turn   | Place    | Note
-------+----------+-------------------------------------------
     0 | D:1      | Gabide the Demigod Hunter began the quest for the Orb.
     0 | D:1      | Reached XP level 1. HP: 17/17 MP: 3/3
    20 | D:1      | Reached skill level 1 in Stealth
    70 | D:1      | Reached XP level 2. HP: 24/24 MP: 4/4
   642 | D:2      | Reached XP level 3. HP: 29/29 MP: 5/5
   893 | D:2      | Reached XP level 4. HP: 37/37 MP: 6/6
   970 | D:2      | Noticed Terence
   978 | D:2      | Killed Terence
  1617 | D:3      | Reached XP level 5. HP: 44/44 MP: 7/7
  1619 | D:3      | Reached skill level 5 in Ranged Weapons
  1993 | D:3      | Found Qofapakh's Weapon Shop.
  2125 | D:3      | Bought a throwing net for 33 gold pieces
  2320 | D:4      | Noticed a water moccasin
  2325 | D:4      | Killed a water moccasin
  2326 | D:4      | Reached XP level 6. HP: 43/51 MP: 8/8
  2979 | D:5      | Entered Level 5 of the Dungeon
  3057 | D:5      | Reached XP level 7. HP: 50/58 MP: 9/9
  3229 | D:5      | Noticed Sigmund
  3260 | D:5      | Killed Sigmund
  3819 | D:6      | Reached XP level 8. HP: 61/67 MP: 10/10
  4085 | D:6      | Reached skill level 5 in Fighting
  4085 | D:6      | Reached skill level 5 in Dodging
  4487 | D:6      | Noticed Duvessa
  4487 | D:6      | Noticed Dowan
  4491 | D:6      | Killed Duvessa
  4499 | D:6      | Killed Dowan
  4899 | D:7      | Found a staircase to the Ecumenical Temple.
  4977 | D:7      | Reached XP level 9. HP: 75/75 MP: 11/11
  5363 | Temple   | Entered the Ecumenical Temple
  5613 | D:8      | Noticed a komodo dragon
  5616 | D:8      | Killed a komodo dragon
  5683 | D:8      | Noticed a komodo dragon
  5690 | D:8      | Killed a komodo dragon
  5808 | D:8      | Found a staircase to the Lair.
  5864 | D:8      | Reached skill level 10 in Ranged Weapons
  6232 | D:8      | You fall into a shaft and drop 2 floors!
  6232 | D:10     | Entered Level 10 of the Dungeon
  6311 | D:9      | Noticed a naga mage
  6316 | D:9      | Killed a naga mage
  6592 | D:9      | Noticed Grum
  6618 | D:9      | Reached XP level 10. HP: 52/86 MP: 13/13
  6620 | D:9      | Killed Grum
  6933 | D:9      | Found Qizy's Armour Shoppe.
  6978 | D:9      | Found a staircase to the Orcish Mines.
  7555 | D:8      | Noticed Maurice
  7559 | D:8      | Killed Maurice
  7745 | D:8      | Noticed a two-headed ogre
  7755 | D:8      | Killed a two-headed ogre
  8371 | D:8      | Noticed Psyche
  8377 | D:8      | Killed Psyche
  9287 | D:10     | Noticed a two-headed ogre
  9290 | D:10     | Killed a two-headed ogre
  9291 | D:10     | Reached XP level 11. HP: 95/95 MP: 14/14
  9297 | D:10     | Identified the scarf of Nuhuab {harm, Drain rPois Int+3
                  | Stlth+}
  9499 | D:10     | Noticed Maggie
  9505 | D:10     | Killed Maggie
  9594 | D:10     | Noticed a two-headed ogre
  9605 | D:10     | Killed a two-headed ogre
  9964 | D:11     | Noticed a two-headed ogre
  9971 | D:11     | Killed a two-headed ogre
 10414 | D:11     | Identified the +5 ring mail of the Four Beds {rElec Int+5
                  | Slay-5}
 10676 | D:12     | Noticed a centaur warrior
 10681 | D:12     | Killed a centaur warrior
 10920 | D:12     | Noticed a two-headed ogre
 10930 | D:12     | Killed a two-headed ogre
 11127 | D:9      | Bought the +0 steam dragon scales of the Loofah {Regen+
                  | Int+3 Dex+2} for 862 gold pieces
 11514 | D:12     | Noticed a two-headed ogre
 11519 | D:12     | Killed a two-headed ogre
 11769 | Lair:1   | Entered Level 1 of the Lair of Beasts
 11923 | Lair:1   | Reached XP level 12. HP: 77/106 MP: 15/15
 12132 | Lair:1   | Reached skill level 10 in Dodging
 12239 | Lair:1   | Noticed Gastronok
 12253 | Lair:1   | Killed Gastronok
 12254 | Lair:1   | Reached skill level 10 in Fighting
 12799 | Lair:2   | Identified the amulet "Joniveh" {Spirit Will+ Dex+2}
 12990 | Lair:2   | Found a staircase to the Shoals.
 13144 | Lair:2   | Noticed a five-headed hydra
 13147 | Lair:2   | Killed a five-headed hydra
 13771 | Lair:3   | Noticed a seven-headed hydra
 13774 | Lair:3   | Killed a seven-headed hydra
 13939 | Lair:3   | Noticed Nessos
 13970 | Lair:2   | Killed Nessos
 14051 | Lair:3   | Reached XP level 13. HP: 90/116 MP: 16/16
 14171 | Lair:3   | Found a hole to the Spider Nest.
 14437 | Lair:3   | Reached skill level 15 in Ranged Weapons
 14646 | Lair:4   | Found a staircase to the Slime Pits.
 15366 | Lair:5   | Entered Level 5 of the Lair of Beasts
 15847 | Lair:5   | Found a runed translucent door.
 16653 | Lair:5   | Got the Grimoire of White Burning
 17278 | D:12     | Reached XP level 14. HP: 120/127 MP: 15/17
 17453 | D:13     | Identified the +1 trident of Typsoffuo {drain, Str+3}
 18409 | D:14     | Found a gate to the Vaults.
 18409 | D:14     | Noticed an ironbound preserver
 18438 | D:14     | Killed an ironbound preserver
 18905 | D:14     | Identified the +0 cloak "Suusant" {Dex+4}
 19123 | D:14     | Found the +18 Lear's hauberk
 19230 | D:15     | Entered Level 15 of the Dungeon
 19383 | D:15     | Identified the +8 falchion "Wonnesko" {flame, rF+}
 19594 | D:15     | Found a staircase to the Depths.
 19948 | D:15     | Reached XP level 15. HP: 134/138 MP: 16/18
 20476 | Orc:1    | Entered Level 1 of the Orcish Mines
 20652 | Orc:1    | Noticed Josephine
 20654 | Orc:1    | Killed Josephine
 20879 | Orc:2    | Entered Level 2 of the Orcish Mines
 20951 | Orc:2    | Found Geafuw's Antique Armour Boutique.
 21021 | Orc:2    | Found Jynt's Jewellery Boutique.
 21305 | Orc:2    | Found Foliycun's Antique Weapon Shoppe.
 21339 | Orc:2    | Found a dark tunnel.
 21344 | Volcano  | Entered a volcano
 21573 | Orc:2    | Found Nierot's General Store.
 21609 | Orc:2    | Found a staircase to the Elven Halls.
 21792 | Orc:2    | Bought a phantom mirror for 520 gold pieces
 22010 | Shoals:1 | Entered Level 1 of the Shoals
 22918 | Shoals:2 | Reached skill level 15 in Fighting
 22918 | Shoals:2 | Reached skill level 15 in Dodging
 23562 | Shoals:3 | Reached XP level 16. HP: 149/149 MP: 19/19
 23742 | Shoals:4 | Entered Level 4 of the Shoals
 24235 | Shoals:4 | Identified the +0 trident of Okawaru's Benevolence {vamp,
                  | Drain Fly rElec rN++}
 24563 | Shoals:4 | Got a barnacled rune of Zot
 24773 | Spider:1 | Entered Level 1 of the Spider Nest
 24875 | Spider:1 | Identified the +0 scale mail of Death Resistance {rC+
                  | Stlth+}
 25886 | Spider:2 | Reached XP level 17. HP: 159/159 MP: 20/20
 26146 | Spider:2 | You fall into a shaft and drop 1 floor!
 26878 | Spider:4 | Entered Level 4 of the Spider Nest
 26889 | Spider:4 | Got the Papyrus of the Burn and the Dead
 27345 | Spider:4 | Got a gossamer rune of Zot
 28163 | Depths:1 | Entered Level 1 of the Depths
 28176 | Depths:1 | Noticed a lich
 28285 | Depths:1 | Killed a lich
 28299 | Depths:1 | Identified the +1 leather armour of Forking Paths {rPois
                  | Regen+ Dex-5 SInv}
 28480 | Depths:1 | Found a gateway to Hell.
 28485 | Depths:1 | Noticed Aizul
 28625 | Depths:1 | Killed Aizul
 29201 | Depths:2 | Reached XP level 18. HP: 171/171 MP: 21/21
 29642 | Depths:2 | Found a one-way gate leading to the halls of Pandemonium.
 29682 | Depths:2 | Paralysed by a vampire knight for 4 turns
 29716 | Depths:2 | Noticed a tentacled monstrosity
 29718 | Depths:2 | Noticed a caustic shrike
 29719 | Depths:2 | Identified the +5 battleaxe "Celles" {freeze, *Rage Will+
                  | rCorr Dex+4}
 29721 | Depths:2 | Identified the ring "Afuxixu" {Fire rPois Dex+4 Slay-4}
 29731 | Depths:2 | Killed a tentacled monstrosity
 29738 | Depths:2 | Killed a caustic shrike
 30060 | Depths:2 | Found a one-way gateway to a ziggurat.
 30168 | Depths:2 | Reached XP level 19. HP: 180/180 MP: 22/22
 30475 | Depths:3 | Noticed Frederick
 30520 | Depths:3 | Killed Frederick
 30532 | Depths:3 | Found a one-way gate to the infinite horrors of the Abyss.
 30760 | Depths:3 | Found the +1 cloak of Starlight {*Dazzle EV+4 Stlth--}
 31276 | Depths:4 | Entered Level 4 of the Depths
 31340 | Depths:4 | Reached XP level 20. HP: 160/191 MP: 19/24
 31602 | Depths:4 | Found a gate to the Realm of Zot.
 32316 | Depths:4 | Found Veamiq's Antique Weapon Emporium.
 32639 | Vaults:1 | Entered Level 1 of the Vaults
 34478 | Vaults:2 | Reached XP level 21. HP: 201/201 MP: 25/25
 35745 | Vaults:3 | Noticed Jory
 35757 | Vaults:3 | Killed Jory
 35867 | Vaults:3 | Identified the +5 flail of the Bruised Portals {freeze,
                  | *Corrode MP+9 Int+3}
 36166 | Vaults:3 | Found a staircase to the Crypt.
 36172 | Vaults:3 | Identified the +1 ring mail of Morality {*Corrode rPois
                  | rC+++ Str-2}
 36297 | Vaults:3 | Found Hulliat's Armour Emporium.
 36764 | Vaults:4 | Found a magical portal.
 36769 | WizLab   | Entered Borgnjor's Mausoleum
 37065 | WizLab   | Identified the ring of the Priest {rN+ rCorr Dex+2}
 37069 | WizLab   | Identified the ring of Egalitarianism {Fly rPois rC- rN++
                  | Slay+3}
 37225 | WizLab   | Got Sif Muna's Lectures on Transition
 37356 | Vaults:4 | Identified the +5 scale mail of Musymose {Slay+3}
 37586 | Vaults:4 | Reached XP level 22. HP: 213/213 MP: 26/26
 38684 | Elf:1    | Entered Level 1 of the Elven Halls
 38724 | Elf:1    | Noticed Zenata
 38736 | Elf:1    | Killed Zenata
 39086 | Elf:1    | Identified the +0 robe of the Equinox {rElec rF+ rCorr
                  | Str+3}
 39567 | Elf:1    | Found a runed translucent gate.
 39567 | Elf:1    | Found a runed translucent gate.
 39567 | Elf:1    | Found a runed translucent gate.
 39567 | Elf:1    | Found a runed translucent gate.
 39567 | Elf:1    | Found a runed translucent gate.
 39569 | Elf:1    | Found a runed translucent gate.
 39696 | Elf:2    | Found Uheuh's Book Emporium.
 39808 | Elf:2    | Found a runed translucent gate.
 39808 | Elf:2    | Found a runed translucent gate.
 39808 | Elf:2    | Found a runed translucent gate.
 39821 | Elf:2    | Noticed Donald
 39824 | Elf:2    | Killed Donald
 40487 | Elf:3    | Entered Level 3 of the Elven Halls
 40910 | Elf:3    | Identified the +5 broad axe of Untimely Demise {freeze,
                  | *Corrode rN+ Int+4}
 40995 | Elf:3    | Identified the ring "Wemut" {rPois rC+}
 41153 | Elf:3    | Identified the staff of earth "Keogoem" {rCorr}
 41243 | Elf:3    | Identified the +0 shortbow of the Usurping Jester {freeze,
                  | rCorr}
 41274 | Elf:3    | Identified the amulet of Patience {Rampage Regen+}
 41305 | Elf:3    | Identified the +1 leather armour of Grim Contentment {rN+
                  | Will- SInv}
 41323 | Elf:3    | Identified the +13 chain mail of Fineikab {Dex+6}
 41405 | Elf:3    | Identified the +1 rapier "Ebouror" {freeze, rPois rF+
                  | Int+3}
 41407 | Elf:3    | Identified the +2 shortbow of Stained Offence {drain, rPois
                  | Str+5 Int+2 Stlth+}
 41410 | Elf:3    | Identified the +8 trident of Fyzemi {pain, rElec rF+ rC-}
 41411 | Elf:3    | Identified the +6 great sword "Holequn" {drain, Str+3}
 41411 | Elf:3    | Identified the ring of Sovereignty {rC+ Str+2}
 41505 | Elf:3    | Identified the +3 hand axe of Mezenou {freeze, rElec}
 41525 | Elf:3    | Identified the +2 chain mail of Beogh's Delight {rElec
                  | rPois Str+2}
 41839 | Slime:1  | Entered Level 1 of the Pits of Slime
 41943 | Slime:1  | Reached XP level 23. HP: 224/224 MP: 27/27
 43372 | Slime:3  | Gained mutation: You are dopey. (Int -2) [a shining eye]
 43837 | Slime:4  | Lost mutation: You are dopey. (Int -2) [a shining eye]
 43839 | Slime:4  | Gained mutation: Your body sometimes deteriorates upon
                  | taking damage. [a shining eye]
 43998 | Slime:5  | Entered Level 5 of the Pits of Slime
 44128 | Slime:5  | Noticed the Royal Jelly
 44161 | Slime:5  | Killed the Royal Jelly
 44579 | Slime:5  | Got a slimy rune of Zot
 44605 | Slime:5  | Identified the amulet of Ammotik {Reflect rElec Int+3 SH+5
                  | Stlth-}
 44624 | Slime:5  | Identified the +3 falchion of Cowardice {freeze, rN+}
 44651 | Slime:5  | Identified the staff of air "Konibb" {rElec Will+ Str+8
                  | Dex-5}
 44666 | Slime:5  | Identified the +5 battleaxe "Ogre's Undoing" {flame, Will+
                  | rCorr Stlth+}
 44667 | Slime:5  | Identified the +7 ice dragon scales of Udijuut {rElec rF-
                  | rC++ Dex+2}
 45603 | Depths:3 | Voluntarily entered the Abyss.
 46977 | Abyss:3  | Reached XP level 24. HP: 240/240 MP: 27/27
 46992 | Abyss:3  | Noticed a dread lich
 47003 | Abyss:3  | Paralysed by something for 2 turns
 47007 | Abyss:3  | Killed a dread lich
 48417 | Abyss:3  | Noticed a juggernaut
 48424 | Abyss:3  | Killed a juggernaut
 48428 | Abyss:3  | Got an abyssal rune of Zot
 48459 | Depths:3 | Escaped the Abyss
 48460 | Depths:3 | Lost mutation: Your body sometimes deteriorates upon taking
                  | damage. [potion of mutation]
 48460 | Depths:3 | Gained mutation: You are weak. (Str -2) [potion of
                  | mutation]
 48460 | Depths:3 | Gained mutation: You are robust. (+10% HP) [potion of
                  | mutation]
 48460 | Depths:3 | Gained mutation: You have large cloven feet. [potion of
                  | mutation]
 48731 | Crypt:1  | Entered Level 1 of the Crypt
 50212 | Crypt:2  | Reached XP level 25. HP: 278/278 MP: 27/27
 50558 | Crypt:3  | Entered Level 3 of the Crypt
 50922 | Crypt:3  | Identified the amulet of Immorality {rPois Regen+}
 51464 | Crypt:3  | Found a staircase to the Tomb.
 51952 | Tomb:1   | Entered Level 1 of the Tomb of the Ancients
 52639 | Tomb:1   | Noticed a royal mummy
 52642 | Tomb:1   | Killed a royal mummy
 53521 | Tomb:1   | Noticed a royal mummy
 53531 | Tomb:1   | Killed a royal mummy
 54289 | Zot:1    | Entered Level 1 of the Realm of Zot
 54335 | Zot:1    | Found a large runed translucent door.
 54339 | Zot:1    | Found a large runed translucent door.
 54342 | Zot:1    | Noticed MrAu's ghost (master HuGl)
 54356 | Zot:1    | Killed MrAu's ghost
 54775 | Zot:1    | Reached skill level 1 in Armour
 54775 | Zot:1    | Reached skill level 1 in Spellcasting
 55466 | Zot:2    | Identified the +6 mace of the Burning Viper {protect, SInv}
 55531 | Zot:2    | Reached XP level 26. HP: 290/290 MP: 34/34
 55582 | Zot:2    | Reached skill level 5 in Armour
 55979 | Zot:2    | Reached skill level 5 in Spellcasting
 56043 | Zot:3    | Noticed an ancient lich
 56108 | Zot:2    | Killed an ancient lich
 56669 | Zot:3    | Found the +4 consecrated labrys {holy, Valiant Fragile Fly
                  | SInv}
 56719 | Zot:3    | Got the Opusculum on Undead Virulence
 56746 | Zot:3    | Got the Spellbook of Dimensional Fascination
 56769 | Zot:3    | Identified the amulet "Yshuir" {Harm rC+ Regen+ Dex-5}
 56779 | Zot:3    | Got the Directory of Spelunking
 56835 | Zot:3    | Identified the ring of Wonder {rC+ rCorr Int+5 Dex-2 SInv}
 57562 | Zot:4    | Noticed an orb of fire
 57568 | Zot:4    | Killed an orb of fire
 57866 | Zot:4    | Reached skill level 10 in Armour
 58301 | Zot:5    | Entered Level 5 of the Realm of Zot
 58815 | Zot:5    | Reached skill level 10 in Spellcasting
 58849 | Zot:5    | Noticed a dread lich
 58854 | Zot:5    | Killed a dread lich
 59442 | Zot:5    | Noticed an ancient lich
 59446 | Zot:5    | Killed an ancient lich
 60926 | Zot:5    | Noticed an ancient lich
 60934 | Zot:5    | Killed an ancient lich
 62010 | Zot:5    | Noticed an orb of fire
 62023 | Zot:5    | Killed an orb of fire
 62034 | Zot:5    | Reached XP level 27. HP: 230/298 MP: 34/43
 63067 | Zot:5    | Noticed a dread lich
 63077 | Zot:5    | Killed a dread lich
 63426 | Zot:5    | Noticed an orb of fire
 63429 | Zot:5    | Gained mutation: Your spells are a little easier to cast,
                  | but a little less powerful. [an orb of fire]
 63432 | Zot:5    | Killed an orb of fire
 63703 | Zot:5    | Noticed an orb of fire
 63703 | Zot:5    | Noticed an orb of fire
 63703 | Zot:5    | Lost mutation: You are robust. (+10% HP) [an orb of fire]
 63706 | Zot:5    | Killed an orb of fire
 63711 | Zot:5    | Gained mutation: Potions are less effective at restoring
                  | your health. [an orb of fire]
 63715 | Zot:5    | Killed an orb of fire
 63986 | Zot:5    | Noticed an orb of fire
 63998 | Zot:5    | Killed an orb of fire
 64204 | Zot:5    | Noticed an orb of fire
 64207 | Zot:5    | Gained mutation: You occasionally lose the ability to read
                  | scrolls when taking damage. [an orb of fire]
 64209 | Zot:5    | Gained mutation: You are very weak. (Str -4) [an orb of
                  | fire]
 64211 | Zot:5    | Killed an orb of fire
 64324 | Zot:5    | Lost mutation: You have large cloven feet. [potion of
                  | mutation]
 64324 | Zot:5    | Lost mutation: You are very weak. (Str -4) [potion of
                  | mutation]
 64324 | Zot:5    | Gained mutation: You are clumsy. (Dex -2) [potion of
                  | mutation]
 64324 | Zot:5    | Gained mutation: Armour fits poorly on your strangely
                  | shaped body. [potion of mutation]
 64324 | Zot:5    | Gained mutation: You have a pair of small horns on your
                  | head. [potion of mutation]
 64325 | Zot:5    | Lost mutation: You are weak. (Str -2) [potion of mutation]
 64325 | Zot:5    | Lost mutation: Your spells are a little easier to cast, but
                  | a little less powerful. [potion of mutation]
 64325 | Zot:5    | Gained mutation: You do not regenerate when monsters are
                  | visible. [potion of mutation]
 64325 | Zot:5    | Gained mutation: You have hidden genetic potential. [potion
                  | of mutation]
 65083 | Vaults:4 | Lost mutation: Armour fits poorly on your strangely shaped
                  | body. [potion of mutation]
 65083 | Vaults:4 | Lost mutation: Potions are less effective at restoring your
                  | health. [potion of mutation]
 65083 | Vaults:4 | Lost mutation: You have hidden genetic potential. [potion
                  | of mutation]
 65083 | Vaults:4 | Gained mutation: You are very clumsy. (Dex -4) [potion of
                  | mutation]
 65083 | Vaults:4 | Gained mutation: You passively dampen the noise of your
                  | surroundings. [potion of mutation]
 65084 | Vaults:4 | Lost mutation: You do not regenerate when monsters are
                  | visible. [potion of mutation]
 65084 | Vaults:4 | Lost mutation: You are very clumsy. (Dex -4) [potion of
                  | mutation]
 65084 | Vaults:4 | Lost mutation: You passively dampen the noise of your
                  | surroundings. [potion of mutation]
 65084 | Vaults:4 | Gained mutation: You possess an exceptional clarity of
                  | mind. [potion of mutation]
 65084 | Vaults:4 | Gained mutation: You are partially covered in iridescent
                  | scales. (AC +2) [potion of mutation]
 65084 | Vaults:4 | Lost mutation: You possess an exceptional clarity of mind.
                  | [potion of mutation]
 65085 | Vaults:4 | Lost mutation: You are partially covered in iridescent
                  | scales. (AC +2) [potion of mutation]
 65085 | Vaults:4 | Lost mutation: You are clumsy. (Dex -2) [potion of
                  | mutation]
 65085 | Vaults:4 | Gained mutation: You are partially covered in iridescent
                  | scales. (AC +2) [potion of mutation]
 65085 | Vaults:4 | Gained mutation: Your flesh is heat resistant. (rF+)
                  | [potion of mutation]
 65085 | Vaults:4 | Gained mutation: You are mostly covered in iridescent
                  | scales. (AC +4) [potion of mutation]
 65086 | Vaults:4 | Lost mutation: You are mostly covered in iridescent scales.
                  | (AC +4) [potion of mutation]
 65086 | Vaults:4 | Lost mutation: You occasionally lose the ability to read
                  | scrolls when taking damage. [potion of mutation]
 65086 | Vaults:4 | Gained mutation: You occasionally shout uncontrollably at
                  | your foes. [potion of mutation]
 65086 | Vaults:4 | Gained mutation: You are vulnerable to cold. (rC-) [potion
                  | of mutation]
 65086 | Vaults:4 | Gained mutation: Your mind is acute. (Int +4, Str/Dex -1)
                  | [potion of mutation]
 65087 | Vaults:4 | Lost mutation: You are vulnerable to cold. (rC-) [potion of
                  | mutation]
 65087 | Vaults:4 | Lost mutation: Your mind is acute. (Int +4, Str/Dex -1)
                  | [potion of mutation]
 65087 | Vaults:4 | Lost mutation: You are partially covered in iridescent
                  | scales. (AC +2) [potion of mutation]
 65087 | Vaults:4 | Gained mutation: You sometimes lose your temper in combat.
                  | [potion of mutation]
 65089 | Vaults:5 | Entered Level 5 of the Vaults
 65436 | Vaults:5 | Noticed a dread lich
 65445 | Vaults:5 | Killed a dread lich
 65497 | Vaults:5 | Noticed an ancient lich
 65500 | Vaults:5 | Killed an ancient lich
 65501 | Vaults:5 | Reached skill level 15 in Armour
 65568 | Vaults:5 | Identified the +4 great sword of Zitost {holy, rPois SInv}
 65621 | Vaults:5 | Got a silver rune of Zot
 65757 | Vaults:5 | Identified 3 scrolls of acquirement
 65773 | Vaults:5 | Identified the +0 pair of boots of Okawaru's Grace {+Inv
                  | rN+}
 65789 | Vaults:5 | Acquired 301 gold pieces
 65791 | Vaults:5 | Acquired 851 gold pieces
 65793 | Vaults:5 | Acquired the +1 pair of boots of Ceceeluj {rF+ Str+3 Dex+3}
 65986 | Vaults:5 | Identified the +5 war axe of Poverty {elec, Int+3 SInv}
 66925 | Hell     | Entered the Vestibule of Hell
 66925 | Hell     | Noticed Geryon
 66934 | Hell     | Killed Geryon
 66956 | Depths:2 | Reached skill level 15 in Spellcasting
 67274 | Hell     | Noticed Murray
 67347 | Depths:2 | Killed Murray
 67515 | Hell     | Found a gateway to the decaying netherworld of Tartarus.
 67547 | Hell     | Found a gateway to the ashen valley of Gehenna.
 67644 | Hell     | Found a gateway to the Iron City of Dis.
 67787 | Hell     | Found a gateway to the freezing wastes of Cocytus.
 68045 | Pan      | Entered Pandemonium
 68971 | Pan      | Noticed Fasiog the pandemonium lord
 68978 | Pan      | Killed Fasiog the pandemonium lord
 69089 | Pan      | Found an exit through the horrors of the Abyss.
 69389 | Pan      | Noticed Qeboceve the pandemonium lord
 69398 | Pan      | Killed Qeboceve the pandemonium lord
 69895 | Pan      | Noticed Kimovuc the pandemonium lord
 69899 | Pan      | Killed Kimovuc the pandemonium lord
 70611 | Pan      | Noticed Seith the pandemonium lord
 71058 | Pan      | Killed Seith the pandemonium lord
 71290 | Pan      | Found an exit through the horrors of the Abyss.
 72392 | Pan      | Got a demonic rune of Zot
 72397 | Pan      | Noticed Okoixelu the pandemonium lord
 72399 | Pan      | Killed Okoixelu the pandemonium lord
 72734 | Pan      | Gained mutation: You have an uncontrollable temper. [a
                  | neqoxec]
 73153 | Pan      | Entered the realm of Lom Lobon.
 73334 | Pan      | Learned a level 2 spell: Blink
 73371 | Pan      | Learned a level 2 spell: Lesser Beckoning
 73375 | Pan      | Learned a level 1 spell: Slow
 73378 | Pan      | Learned a level 2 spell: Wereblood
 73616 | Pan      | Identified the +2 ring mail of the Pit {rPois rN+}
 73882 | Pan      | Noticed Lom Lobon
 73890 | Pan      | Killed Lom Lobon
 73955 | Pan      | Got a magical rune of Zot
 74327 | Pan      | Entered the realm of Cerebov.
 74459 | Pan      | Found an exit through the horrors of the Abyss.
 74718 | Pan      | Noticed Ignacio
 74722 | Pan      | Killed Ignacio
 74919 | Pan      | Identified the +8 rapier of Responsibility {antimagic,
                  | rElec Will++ Str+4 Stlth-}
 74937 | Pan      | Identified the +6 war axe of Truncation {freeze, rN+ Int+2}
 74937 | Pan      | Identified the amulet of Sas Oga {Acrobat Str+4 Slay+3}
 75073 | Pan      | Found the +6 sword of Cerebov {flame}
 75073 | Pan      | Noticed Cerebov
 75087 | Pan      | Killed Cerebov
 75252 | Pan      | Identified the +2 sling "Firuoq" {speed, rN+ Int+3}
 75297 | Pan      | Identified the staff of poison "Beucass" {Drain rPois Str+3
                  | Int+5}
 75302 | Pan      | Identified the +1 quarterstaff "Latwesti" {freeze, Int+3}
 75330 | Pan      | Got a fiery rune of Zot
 75345 | Pan      | Identified the +4 ring mail of Kindness {Regen+ Dex+3}
 75368 | Pan      | Identified the +2 morningstar of World Downfall {flame,
                  | *Slow rN+ Str+4}
 75374 | Pan      | Identified the staff of poison "Ezer" {rPois Dex+6}
 75377 | Pan      | Identified the +1 quarterstaff of Pandemonium {holy, Str+2
                  | Dex+4}
 75380 | Pan      | Got the Secrets of Transposition and Power
 75400 | Pan      | Identified the +11 shortbow of Zefraa {drain, rPois Will-
                  | Dex+4}
 75447 | Pan      | Identified the +6 rapier "Yzyddaar" {drain, rElec rF- rCorr
                  | Dex+4}
 75874 | Pan      | Found an exit through the horrors of the Abyss.
 75989 | Pan      | Noticed Teufafi the pandemonium lord
 76172 | Pan      | Identified the +7 chain mail "Edadus" {rF++ Int+5 Stlth+}
 76217 | Pan      | Killed Teufafi the pandemonium lord
 76674 | Pan      | Entered the realm of Mnoleg.
 77652 | Pan      | Noticed Mnoleg
 77669 | Pan      | Killed Mnoleg
 77864 | Pan      | Got a glowing rune of Zot
 77940 | Pan      | Gained mutation: Armour fits poorly on your strangely
                  | shaped body. [a cacodemon]
 78098 | Pan      | Identified the amulet of Xepnamma {Rampage Regen+ MP+9}
 78346 | Pan      | Gained mutation: You are clumsy. (Dex -2) [a cacodemon]
 78401 | Pan      | Lost mutation: You are clumsy. (Dex -2) [potion of
                  | mutation]
 78401 | Pan      | Lost mutation: Your flesh is heat resistant. (rF+) [potion
                  | of mutation]
 78401 | Pan      | Lost mutation: Armour fits poorly on your strangely shaped
                  | body. [potion of mutation]
 78401 | Pan      | Lost mutation: You have an uncontrollable temper. [potion
                  | of mutation]
 78637 | Pan      | Found an exit through the horrors of the Abyss.
 78650 | Pan      | Noticed Inufamis the pandemonium lord
 78785 | Pan      | Killed Inufamis the pandemonium lord
 79242 | Pan      | Identified the +1 robe "Idweth" {Will+}
 79291 | Pan      | Noticed Vajemues the pandemonium lord
 79298 | Pan      | Killed Vajemues the pandemonium lord
 79583 | Pan      | Identified the +2 helmet of Gravitas {rCorr MP+9 Int-2}
 79586 | Pan      | Lost mutation: You sometimes lose your temper in combat.
                  | [potion of mutation]
 79586 | Pan      | Lost mutation: You have a pair of small horns on your head.
                  | [potion of mutation]
 79586 | Pan      | Lost mutation: You occasionally shout uncontrollably at
                  | your foes. [potion of mutation]
 79586 | Pan      | Gained mutation: You have a pair of small horns on your
                  | head. [potion of mutation]
 79586 | Pan      | Gained mutation: You are agile. (Dex +4, Str/Int -1)
                  | [potion of mutation]
 80075 | Pan      | Noticed Ihomnuw the pandemonium lord
 80081 | Pan      | Killed Ihomnuw the pandemonium lord
 80174 | Pan      | Identified the +4 scimitar "Uryv" {flame, rElec rN+++ Will-
                  | Str-4}
 80766 | Pan      | Gained mutation: Your spells are a little easier to cast,
                  | but a little less powerful. [a neqoxec]
 80827 | Pan      | Entered the realm of Gloorx Vloq.
 81873 | Pan      | Noticed Gloorx Vloq
 82391 | Pan      | Killed Gloorx Vloq
 82548 | Pan      | Got a dark rune of Zot
 82854 | Pan      | Noticed Leumpitz the pandemonium lord
 82863 | Pan      | Gained mutation: Your spells are easier to cast, but less
                  | powerful. [a cacodemon]
 82866 | Pan      | Killed Leumpitz the pandemonium lord
 82996 | Pan      | Found an exit through the horrors of the Abyss.
 83052 | Pan      | Identified the +11 war axe of Hiutraff {chaos, Stlth+}
 83486 | Pan      | Took an exit into the Abyss.
 83486 | Abyss:3  | Escaped into the Abyss
 83558 | Depths:2 | Escaped the Abyss
 83559 | Depths:2 | Lost mutation: You are agile. (Dex +4, Str/Int -1) [potion
                  | of mutation]
 83559 | Depths:2 | Lost mutation: You have a pair of small horns on your head.
                  | [potion of mutation]
 83559 | Depths:2 | Lost mutation: Your spells are easier to cast, but less
                  | powerful. [potion of mutation]
 83559 | Depths:2 | Gained mutation: You are partially covered in iridescent
                  | scales. (AC +2) [potion of mutation]
 83559 | Depths:2 | Gained mutation: Your spells are easier to cast, but less
                  | powerful. [potion of mutation]
 83559 | Depths:2 | Gained mutation: Your muscles are strong. (Str +4, Int/Dex
                  | -1) [potion of mutation]
 84114 | Coc:1    | Entered Level 1 of Cocytus
 84118 | Coc:1    | Noticed a dread lich
 84122 | Coc:1    | Killed a dread lich
 85380 | Coc:4    | HP: 11/234 [Ice Fiend/bolt of cold (15)]
 85623 | Tar:1    | Entered Level 1 of Tartarus
 85624 | Tar:1    | Noticed a dread lich
 85624 | Tar:1    | Paralysed by a dread lich for 5 turns
 85706 | Tar:1    | HP: 12/245 [??? (5)]
 85728 | Tar:1    | Slain by a tainted leviathan

Illustrated notes

Levels and vault maps discovered:
D:1:      wheals_arrival_shading, layout_basic
D:2:      layout_basic, kennysheep_decorative_pillar, uniq_terence
D:3:      layout_loops_ring, lemuel_round_altar, serial_shops,
          nicolae_shop_window_shopping
D:4:      layout_cave_pools
D:5:      layout_cave_pools, chequers_temple_overflow_statue_of_worship,
          uniq_sigmund
D:6:      layout_loops_corners, uniq_duvessa
D:7:      layout_basic, eat_drink_and_be_merry_uskayaw,
          minmay_temple_entry_butterflies
D:8:      layout_layer_cave, erik_lair_dragon, uniq_maurice, uniq_psyche
D:9:      layout_basic, orc_0_dummy, serial_shops, shop, minmay_librarian,
          uniq_grum
D:10:     layout_rooms, dk_xom_monty_hall, bloody_trog, uniq_maggie
D:11:     layout_irregular_city
D:12:     layout_gridville
D:13:     minmay_skewed_foursquare, layout_cave_pools
D:14:     layout_cave_pools, skrybe_vaults_entry_preservation,
          nicolae_ru_sacrificial_ziggurat, hellmonk_guarded_unrand_lears
D:15:     gammafunk_depths_entry_grave, layout_layer_cave, elyvilon_altar_3
Temple:   nicolae_temple_elliptical
Lair:1:   layout_chaotic_city, basic_altar, grunt_megastairs_1, uniq_gastronok
Lair:2:   layout_cave_shapes, minmay_shoals_entry_beasts,
          cheibrodos_lair_lostbears
Lair:3:   layout_chaotic_city, hellmonk_spider_entry_not_the_bees, uniq_nessos
Lair:4:   layout_long_grid, slime_entry_1, wad_woods_03, serial_bayou_shore_b,
          grunt_megastairs_3
Lair:5:   wormcave, layout_hall_layers, guppyfry_lair_end_dragon,
          disabler_island, grunt_megastairs_5
Shoals:1: layout_shoals
Shoals:2: layout_shoals, nicolae_shoals_loop_pool
Shoals:3: layout_shoals, nicolae_shoals_stone_sculpture_thing,
          nicolae_shoals_circle_sea_wall, nicolae_shoals_land_atoll
Shoals:4: shoals_end_simple, layout_shoals
Spider:1: layout_spider_delve, nicolae_spider_circle_web, nicolae_spider_nook
Spider:2: layout_spider_delve
Spider:3: layout_spider_delve, nicolae_spider_cling_ruins
Spider:4: grunt_spider_rune_parallel
Slime:1:  layout_caves, cheibrodos_slime_lost_civilization_5
Slime:2:  layout_caves
Slime:3:  layout_caves, cheibrodos_slime_lost_civilization_4
Slime:4:  layout_caves
Slime:5
Orc:1:    layout_caves, basic_altar, uniq_josephine
Orc:2:    grunt_orc_gardens, layout_diamond_mine, grunt_orc_garden,
          grunt_orc_garden, grunt_orc_garden, grunt_orc_garden, enter_volcano_4,
          kennysheep_orc_chapel
Elf:1:    layout_loops_corners, orc_legates,
          einodemon_armed_red_devil_minivault, uniq_zenata
Elf:2:    elven_hall_of_blades_hangedman_original [nooodl_blade_entry_preview],
          layout_onion_city, serial_shops, shop, hangedman_elven_pyramids,
          uniq_donald
Elf:3:    grunt_elf_hall_asides, layout_gridlike
Vaults:1: hangedman_vaults_trim, hangedman_vaults_snaps,
          nicolae_vaults_mini_display_case, nicolae_vaults_mush_room,
          nicolae_vaults_disjoint_gnomons, nicolae_vaults_closet_pinwheel_5,
          nicolae_vaults_closet_pinwheel_5, ontoclasm_vaults_tryst,
          vaults_dpeg_ring, layout_vaults_omnicross
Vaults:2: nicolae_vaults_corpse_flower, vaults_mumra_chevron_long, v_misc_11,
          hangedman_vaults_slice, nicolae_vaults_closet_pinwheel_6,
          nicolae_vaults_house_1, ontoclasm_vaults_chip, v_alt_pattern_6,
          nicolae_vaults_tetromino_T_2, layout_vaults_omnigrid, serial_shops
Vaults:3: minmay_crypt_entry_simple_sparse, nicolae_vaults_tetromino_L_2,
          nicolae_vaults_border_crossing, v_pattern_5,
          ontoclasm_vaults_decontamination, nicolae_vaults_surprise_closet,
          nicolae_vaults_windows_and_doors_thing,
          nicolae_vaults_more_shelving_2, ontoclasm_vaults_twist, v_misc_14,
          nicolae_vaults_taking_the_gang_shopping,
          nicolae_vaults_trapezoid_lopsided_1,
          nicolae_vaults_trapezoid_lopsided_2, vaults_room_pool,
          ontoclasm_vaults_gateway, layout_vaults_ring, uniq_jory
Vaults:4: mu_enter_wizlab_1, nicolae_vaults_network_square,
          nicolae_vaults_what_the_h, nicolae_vaults_quadrants,
          nicolae_vaults_tangram_1, nicolae_vaults_trapezoid_3,
          nicolae_vaults_house_1, vaults_room_pool, grunt_vaults_funnel,
          layout_vaults_chaotic_city
Vaults:5
Crypt:1:  layout_chaotic_city, serial_sigils_hangedman_scratch
Crypt:2:  minmay_shadows, layout_misc_corridors, st_stairs_11, minivault_11,
          small_chamber_with_monster, lemuel_mausoleum_altar_kikubaaqudgha
Crypt:3:  church_of_pain_bobbens, layout_chaotic_city, tomb_entry_shell_bobbens
Tomb:1
Depths:1: layout_long_grid, minmay_misc_feat_four_crosses, hellmouth_3,
          nicolae_tso_carved_into_rock, firewood_loft, uniq_aizul
Depths:2: minmay_the_grid_octo_tiled_octocenter
          [minmay_the_grid_octo_fat_diamond, minmay_the_grid_octo_checkerflower,
          minmay_the_grid_octo_empty, minmay_the_grid_octo_empty,
          minmay_the_grid_octo_prize_big_c, minmay_the_grid_square_5x5_shrine2,
          minmay_the_grid_square_5x5_spiral_small,
          minmay_the_grid_square_5x5_two_walls_b,
          minmay_the_grid_square_5x5_six], layout_cave_pools, enter_ziggurat_a,
          pan_entry, grunt_hell_horde, hangedman_abyss_or_decor_stabs,
          infiniplex_staircase_river
Depths:3: dreamdust_merry_men, layout_gridville, abyss_entry, hellmouth_1,
          serial_bayou_shore_b, serial_glass, glass_columns_a, glass_columns_b,
          minmay_staircase_statues, uniq_frederick, uniq_grunn
Depths:4: evilmike_zot_entry_argh, layout_gridlike, serial_shops,
          nicolae_shop_tiny_waterfront, grunt_hell_entry_dis_grunt,
          chequers_serial_rivers_micro_b
Hell
Coc:1:    layout_ice_bergs
Coc:2:    layout_ice_bergs
Coc:3:    layout_ice_bergs
Coc:4:    layout_cocytus_water_paths
Tar:1:    layout_grid_maze, evilmike_ambush [evilmike_ambush_outer_pillars,
          evilmike_ambush_inner_pond]
Zot:1:    layout_misc_corridors, ebering_ghost_disaster_area, st_stairs_3,
          zot_minivault_8, uniq_josephina
Zot:2:    layout_gridlike, grunt_ministairs_10
Zot:3:    ebering_greatest_show_in_zot, layout_cathedral_of_symmetry,
          hangedman_zot_diagonal_lockstep, st_large_dragon_hoard_2
Zot:4:    grunt_zot_stairs_mandelzot, layout_misc_corridors
Zot:5:    layout_twisted_circle

Skill      XL: |  1  2  3  4  5  6  7  8  9 10 11 12 13 14 15 16 17 18 19 20 21 22 23 24 25 26 27 |
---------------+----------------------------------------------------------------------------------+-----
Stealth        | 1 |  1.0
Fighting       | 2 3 4 5 7 8 9 11 12 14 15 16 17 18 19 20 21 22 24 26 | 26.9
Dodging        | 2 3 4 5 7 8 9 11 12 14 15 16 17 18 19 20 21 22 23 25 26 | 26.9
Ranged Weapons | 4 5 6 7 8 10 12 13 14 15 17 18 19 21 22 23 24 25 26 | 26.9
Armour         | 4 12 25 | 25.2
Spellcasting   | 4 11 23 | 23.4

Action                     |  1- 3 |  4- 6 |  7- 9 | 10-12 | 13-15 | 16-18 | 19-21 | 22-24 | 25-27 || total
---------------------------+-------+-------+-------+-------+-------+-------+-------+-------+-------++-------
  Melee: Arbalest          |       |       |       |       |       |       |       |       |    12 ||    12
   Fire: Shortbow          |    87 |   150 |   234 |   646 |       |     1 |       |       |     6 ||  1124
         Longbow           |       |       |       |    19 |  1465 |  1401 |  1082 |  1258 |  1619 ||  6844
         Arbalest          |       |       |       |       |       |       |   373 |  1013 |  2478 ||  3864
  Throw: Throwing net      |       |       |       |     1 |       |       |       |       |     2 ||     3
         Dart              |       |       |       |       |       |       |       |     1 |       ||     1
   Cast: Wereblood         |       |       |       |       |       |       |       |       |    19 ||    19
         Blink             |       |       |       |       |       |       |       |       |    10 ||    10
  Evoke: Wand              |       |       |       |       |     1 |       |       |       |       ||     1
         Phantom mirror    |       |       |       |       |       |       |       |     1 |       ||     1
         Condenser vane    |       |       |       |       |       |       |       |       |     1 ||     1
    Use: Scroll            |     2 |     5 |    15 |     9 |     9 |     6 |     4 |     7 |    38 ||    95
         Potion            |       |       |       |     3 |       |     3 |     1 |     4 |    40 ||    51
 Armour: Leather armour    |     6 |     7 |    28 |    25 |       |       |       |       |       ||    66
         Steam dragon scal |       |       |       |    37 |   191 |    75 |    60 |    42 |   167 ||   572
  Dodge: Dodged            |    20 |    26 |    75 |   321 |   939 |  1070 |  1084 |  1390 |  4727 ||  9652
  Block: Other             |     1 |    10 |    15 |    78 |    34 |       |       |       |       ||   138
         Reflection        |       |       |     2 |     4 |       |       |       |       |       ||     6
